 Dungeon Crawl Stone Soup version 0.30.0-17-ge0270778cf (webtiles) character file.

Game seed: 3379078875347503149

935 cheesebisquit the Cudgeller (level 7, -10/60 HPs)
             Began as an Armataur Warper on May 22, 2023.
             Killed from afar by Dowan (16 damage)
             ... with a shard of ice
             ... on level 5 of the Dungeon.
             The game lasted 00:22:44 (4839 turns).

cheesebisquit the Cudgeller (Armataur Warper)       Turns: 4839, Time: 00:22:44

Health: -10/60     AC:  8    Str: 22    XL:     7   Next: 87%
Magic:  11/11      EV:  6    Int: 16    God:
Gold:   258        SH:  0    Dex:  9    Spells: 2/11 levels left

rFire   . . .        a - +0 mace
rCold   . . .        (no shield)
rNeg    . . .        j - +0 chain mail
rPois   .            (no helmet)
rElec   .            (no cloak)
rCorr   .            (no gloves)
SInv    +            (no barding)
Will    .....        (no amulet) Stlth
                     B - +6 ring of strength
HPRegen 0.30/turn    l - ring of see invisible
MPRegen 0.12/turn

%: roll
@: no status effects
A: large, rugged brown scales 3, deformed body, armoured tail, roll, long
tongue, awkward tongue
a: no special abilities


You were on level 5 of the Dungeon.
You visited 1 branch of the dungeon, and saw 5 of its levels.

You collected 408 gold pieces.
You spent 150 gold pieces at shops.

Inventory:

Hand Weapons
 a - a +0 mace (weapon)
Missiles
 d - 5 boomerangs of dispersal (quivered)
 x - 3 curare-tipped darts
 y - 5 javelins
Armour
 b - a +0 leather armour
 e - a +0 ring mail
 j - a +0 chain mail (worn)
Jewellery
 k - a +4 ring of protection
 l - a ring of see invisible (right hand)
 A - an amulet of guardian spirit
 B - a +6 ring of strength (left hand)
Wands
 s - a wand of flame (17)
Scrolls
 f - a scroll of noise {unknown}
 g - 4 scrolls of teleportation {unknown}
 h - a scroll of vulnerability {unknown}
 i - 4 scrolls of identify {unknown}
 n - a scroll of magic mapping {unknown}
 v - a scroll of immolation {unknown}
 w - a scroll of poison {unknown}
 z - a scroll of enchant armour {unknown}
Potions
 c - a potion of cancellation {unknown}
 m - a potion of berserk rage {unknown}
 q - 2 potions of flight
 r - 2 potions of degeneration
 t - a potion of lignification {unknown}
 u - a potion of haste {unknown}


   Skills:
 + Level 3.6 Fighting
 * Level 5.0 Maces & Flails
 - Level 0.8 Throwing
 + Level 4.3 Armour
 - Level 1.3 Dodging
 + Level 4.0 Stealth
 + Level 2.8 Spellcasting
 + Level 4.0 Translocations


You had 2 spell levels left.
You knew the following spells:

 Your Spells              Type           Power      Damage    Failure   Level
a - Blink                 Tloc           30%        N/A       32%         2
b - Lesser Beckoning      Tloc           30%        N/A       32%         2
c - Teleport Other        Tloc           15%        N/A       54%         3
d - Momentum Strike       Conj/Tloc      16%        3d8       61%         2

Your spell library contained the following spells:

 Spells                   Type           Power      Damage    Failure   Level
 Vhi's Electric Charge    Tloc/Air       16%        N/A       83%         3
 Manifold Assault         Tloc           15%        N/A       91%         4


Dungeon Overview and Level Annotations

Branches:
Dungeon (5/15)
 Temple: D:4-7

Altars:

Shops:
D:1 ?   D:2 ![((

Annotations:
D:5 Dowan, Menkaure


Innate Abilities, Weirdness & Mutations

You are completely covered in rugged brown scales. (AC +3, +7% HP)
Armour fits poorly on your strangely shaped body.
You have a long armoured tail.
You roll when moving toward enemies. (Rampage)
Your long tongue fully drains potion bottles. (2x potion effects)
Your tongue gives you trouble enunciating. (1.5x scroll delay)


Message History

Dowan hits you but does no damage. Dowan casts a spell at you.
The stone arrow hits you!
* * * LOW HITPOINT WARNING * * *
Your Maces & Flails skill increases to level 5!
Your Stealth skill increases to level 4!
Your Translocations skill increases to level 4!
Okay, then.
You closely miss Dowan.
Your tail-slap misses Dowan.
Dowan is moderately wounded.
Dowan hits you with a +0 whip.
* * * LOW HITPOINT WARNING * * *
You miss Dowan.
Your tail-slap misses Dowan.
Dowan is moderately wounded.
Dowan casts a spell.
Dowan blinks!
You are too injured to fight recklessly!
Throw: 6 boomerangs (disperse)
Press: ? - help, Q - select action, (/) - cycle Shift-Dir - straight line, f - Dowan
Aim: Dowan, wielding a +0 whip and wearing a +0 robe (moderately wounded, fast, 41% to hit)
You throw a boomerang of dispersal.
The boomerang of dispersal barely misses Dowan.
Dowan hits you but does no damage.
You sock Dowan!
Dowan is heavily wounded.
Dowan closely misses you. Dowan hits you with a +0 whip.
* * * LOW HITPOINT WARNING * * *
You barely miss Dowan.
Your tail-slap misses Dowan.
Dowan is heavily wounded.
Dowan hits you but does no damage. x2
You hit Dowan.
Dowan is severely wounded.
Dowan points at you and mumbles some strange words.
The stone arrow hits you!
* * * LOW HITPOINT WARNING * * *
You closely miss Dowan.
Dowan is severely wounded.
Dowan casts a spell at you. The shard of ice hits you!
You die...

...##.............#.....#....'...
...##.......##...##....##....#...
...##.......##...##....##....#...
.............................#...
...##..................##...###..
...##..................##...###..
...'.....e.............#....#....
...##...##..####)##....##...#....
.. #...########@##....##...+....
. #............e.....#....#....
+......)...........#....#..##
#..................#....#..#. '#
#...##..####..##...##...#..#'
...#######..####..######.....#.#.
.............#.....# #.....####
....5........'.....# #####.# #.
.............#.....# ### ##


You could see Dowan (fast).

Vanquished Creatures
  Duvessa (D:5)
  A centaur (D:5)
  A lemure (D:5)
  A phantom (D:4)
  2 scorpions
  Blork the orc (D:4)
  3 elf skeletons (D:5)
  A human zombie (D:5)
  A sleepcap (D:4)
  A human skeleton (D:5)
  2 iguanas
  4 gnolls
  8 adders
  2 shadow imps (D:5)
  A white imp (D:5)
  A worm (D:2)
  An orc (D:5)
  4 ball pythons
  7 endoplasms
  A giant cockroach (D:1)
  4 goblins
  2 hobgoblins
  11 jackals
  2 kobolds
  3 quokkas
  3 bats
  4 frilled lizards
  An orc skeleton (D:5)
  A rat (D:2)
75 creatures vanquished.

Notes
Turn   | Place    | Note
-------+----------+-------------------------------------------
     0 | D:1      | cheesebisquit the Armataur Warper began the quest for the
                  | Orb.
     0 | D:1      | Reached XP level 1. HP: 18/18 MP: 3/3
    40 | D:1      | Reached skill level 2 in Maces & Flails
   209 | D:1      | Reached XP level 2. HP: 23/25 MP: 4/4
   262 | D:1      | Found Bamoupp's Magic Scroll Shop.
   859 | D:2      | Reached XP level 3. HP: 30/31 MP: 5/5
   892 | D:2      | Found Lahoath's Weapon Boutique.
   987 | D:2      | Found Fukicuh's Antique Weapon Shoppe.
  1001 | D:2      | Reached skill level 1 in Stealth
  1030 | D:2      | Noticed an animated pearl dragon scales
  1295 | D:2      | Reached skill level 3 in Maces & Flails
  1429 | D:2      | Found Iplixeod's Distillery.
  1444 | D:2      | Bought a potion of curing for 30 gold pieces
  1444 | D:2      | Bought a potion of curing for 30 gold pieces
  1444 | D:2      | Bought a potion of heal wounds for 50 gold pieces
  1444 | D:2      | Bought a potion of flight for 30 gold pieces
  1444 | D:2      | Bought a potion of degeneration for 10 gold pieces
  1519 | D:2      | Found Jufoyhet's Armour Boutique.
  1519 | D:2      | Noticed an animated storm dragon scales
  1854 | D:2      | Reached XP level 4. HP: 21/38 MP: 6/6
  2061 | D:3      | Reached XP level 5. HP: 24/44 MP: 7/7
  2489 | D:3      | Learned a level 2 spell: Blink
  2492 | D:3      | Learned a level 2 spell: Lesser Beckoning
  2496 | D:3      | Learned a level 3 spell: Teleport Other
  3176 | D:4      | Noticed Blork the orc
  3193 | D:4      | Killed Blork the orc
  3194 | D:4      | Reached skill level 4 in Maces & Flails
  3194 | D:4      | Reached XP level 6. HP: 39/53 MP: 9/9
  3332 | D:5      | Entered Level 5 of the Dungeon
  3482 | D:5      | Noticed Duvessa
  3483 | D:5      | Noticed Dowan
  3572 | D:5      | Learned a level 2 spell: Momentum Strike
  3588 | D:5      | Noticed Menkaure
  4012 | D:4      | Reached XP level 7. HP: 19/60 MP: 10/10
  4832 | D:5      | Killed Duvessa
  4833 | D:5      | Reached skill level 5 in Maces & Flails
  4839 | D:5      | Killed from afar by Dowan

Illustrated notes

Levels and vault maps discovered:
D:1:      zaba_arrival_water, layout_rooms, serial_shops, shop_fountains
D:2:      layout_basic, serial_shops, shop_coins, nicolae_square_shop,
          nicolae_shop_mannequins, nicolae_shop_just_a_little_nook,
          chequers_serial_rivers_large_a
D:3:      layout_rooms, nicolae_half_adder
D:4:      layout_basic, uniq_blork_the_orc
D:5:      layout_gridville, nicolae_ossuary_entry_catacombs, uniq_duvessa,
          uniq_pikel, uniq_menkaure

Skill      XL: |  1  2  3  4  5  6  7 |
---------------+----------------------+-----
Maces & Flails | 2 3 4 5 |  5.0
Fighting       | 2 3 |  3.6
Stealth        | 1 2 3 4 |  4.0
Armour         | 2 3 4 |  4.3
Spellcasting   | 2 |  2.8
Translocations | 4 |  4.0
Throwing       | |  0.8
Dodging        | |  1.3

Action                     |  1- 3 |  4- 6 |  7- 9 || total
---------------------------+-------+-------+-------++-------
  Melee: Mace              |   146 |   170 |    94 ||   410
         Tailslap          |    13 |    18 |    16 ||    47
         Punch             |       |       |     1 ||     1
  Throw: Boomerang         |       |       |     2 ||     2
    Use: Potion            |       |     9 |       ||     9
         Scroll            |       |     3 |       ||     3
 Armour: Ring mail         |    27 |       |       ||    27
         Leather armour    |     4 |       |       ||     4
         Chain mail        |    79 |   136 |    50 ||   265
  Dodge: Dodged            |    52 |    60 |    22 ||   134
